cohdb
Replays
Latest Replays
All Replays
Popular Replays
Top Player Replays
Match Explorer
How It Works
Community
CoH3 Stats
Reddit
Sign in to upload your games and track your stats! →
Sign in with Steam
Match 45120054
Unlisted
Match 45120054
Overview
Messages
Build Orders
End
Construct Section Command Post
Vickers Machine Gun Team
Selects Canadian Shock Battlegroup
Infantry Section
Grenade Package
Selects Attacking Spirit
Selects Canadian Shock Section
Canadian Shock Section
Construct Field Infirmary
Canadian Shock Section
Construct Platoon Command Post
Selects Incendiary Munitions
Infantry Training
Selects Pyrotechnics
Construct Company Command Post
Matilda II Heavy Tank
Canadian Shock Section
Unlock M3 Grant Medium Tanks
Armored Vehicle Training
Selects Churchill Crocodile Heavy Tank
Churchill Crocodile Heavy Tank
Selects Smoke Operation
TeamSpeakUser
LITTLE TRICKSTER
Da Cracka Whacka
game
Clay
FW | KILO
0
0
Comments
sign in to comment!
No comments posted yet!